 Dungeon Crawl Stone Soup version 0.30-a0-1018-g25214051b3 (webtiles) character file.

Game seed: 4489620052705328274

364 Newt the Trooper (level 6, -1/51 HPs)
             Began as a Demonspawn Gladiator on Apr 7, 2023.
             Slain by an orc
             ... wielding a +0 flail
              (6 damage)
             ... on level 4 of the Dungeon.
             The game lasted 00:03:42 (3847 turns).

Newt the Trooper (Demonspawn Gladiator)             Turns: 3847, Time: 00:03:43

Health: -1/51      AC:  9    Str: 17    XL:     6   Next: 39%
Magic:  8/15       EV: 11    Int:  9    God:
Gold:   234        SH:  0    Dex: 14    Spells: 5/5 levels left

rFire   . . .      SeeInvis .    q - +4 falchion (vamp)
rCold   + . .      Faith    .    (no shield)
rNeg    . . .      Spirit   .    x - +1 ring mail {rC+}
rPois   .          Reflect  .    (helmet unavailable)
rElec   .          Rampage  .    (no cloak)
rCorr   +                        v - +0 pair of gloves
Will    .....                    (no boots)
Stlth   +                        (no amulet)
HPRegen 0.28/turn                n - ring of resist corrosion
MPRegen 0.14/turn                g - ring of magical power

@: no status effects
A: horns 3, molten scales 1
a: no special abilities


You were on level 4 of the Dungeon.
You visited 1 branch of the dungeon, and saw 5 of its levels.

You collected 234 gold pieces.

Inventory:

Hand Weapons
 a - a +0 rapier
 q - a +4 vampiric falchion (weapon)
 u - a +0 dagger of venom
Missiles
 d - 2 throwing nets (quivered)
 e - a javelin
 l - 11 poisoned darts
 s - 3 boomerangs
Armour
 b - a +0 leather armour
 c - a +0 helmet
 v - a +0 pair of gloves (worn)
 x - a +1 ring mail of cold resistance (worn)
Jewellery
 g - a ring of magical power (right hand)
 n - a ring of resist corrosion (left hand)
Wands
 r - a wand of quicksilver (4)
Scrolls
 h - 3 scrolls of teleportation
 p - a scroll of identify
 y - a scroll of amnesia
Potions
 f - 3 potions of heal wounds {unknown}
 i - a potion of brilliance {unknown}
 j - a potion of experience {unknown}
 k - a potion of might
 m - a potion of lignification {unknown}
 o - a potion of attraction {unknown}
 t - a potion of ambrosia {unknown}
 z - 2 potions of degeneration {unknown}


   Skills:
 - Level 5.0 Fighting
 - Level 4.0 Short Blades
 - Level 1.7 Throwing
 + Level 2.8 Armour
 - Level 2.6 Dodging


You had 5 spell levels left.
You didn't know any spells.
Your spell library contained the following spells:

 Spells                   Type           Power      Damage    Failure   Level
 Sting                    Tmut/Pois      0%         1d3       58%         1
 Blink                    Tloc           0%         N/A       73%         2
 Ensorcelled Hibernation  Hex/Ice        0%         N/A       73%         2
 Lesser Beckoning         Tloc           0%         N/A       73%         2
 Momentum Strike          Conj/Tloc      0%         3d8       73%         2
 Passwall                 Tmut/Erth      0%         N/A       73%         2
 Poisonous Vapours        Pois/Air       0%         N/A       73%         2
 Sublimation of Blood     Necr           0%         N/A       73%         2
 Wereblood                Tmut           0%         N/A       73%         2
 Swiftness                Air            0%         N/A       91%         3
 Olgreb's Toxic Radiance  Pois           0%         N/A       100%        4
 Summon Hydra             Summ           0%         N/A       100%        7
 Discord                  Hex            0%         N/A       100%        8
 Ignition                 Fire           0%         3d3       100%        8


Dungeon Overview and Level Annotations

Branches:
Dungeon (5/15)
 Temple: D:4-7

Altars:
Ru


Innate Abilities, Weirdness & Mutations

You have a pair of large horns on your head.
You are partially covered in molten scales. (AC +2)


Message History

You are more poisoned.
The scorpion poisons you! The orc hits you but does no damage.
The orc hits you with a +0 flail. The orc hits you with a +0 club.
Unknown command.
You closely miss the scorpion. You headbutt the scorpion.
The scorpion is almost dead.
You feel very sick.
The scorpion stings you but does no damage.
The orc completely misses you. The orc closely misses you.
The orc barely misses you. The scorpion closely misses you.
Unknown command.
You hit the scorpion.
You kill the scorpion!
You feel very sick. The orc barely misses you.
The orc hits you with a +0 hand axe.
* * * LOW HITPOINT WARNING * * *
The orc closely misses you.
Unknown command.
You hit the orc. You headbutt the orc, but do no damage.
The orc is severely wounded.
* * * LOW HITPOINT WARNING * * *
You feel very sick. The orc barely misses you. x3
Unknown command.
You hit the orc.
You feel better.
Your headbutt misses the orc.
The orc is lightly wounded.
You feel sick. The orc barely misses you. The orc hits you with a +0 hand axe.
* * * LOW HITPOINT WARNING * * *
The orc barely misses you.
Unknown command.
You feel better. The orc closely misses you. The orc barely misses you.
The orc completely misses you. The orc hits you with a +0 flail.
* * * LOW HITPOINT WARNING * * *
The orc hits you with a +0 hand axe.
* * * LOW HITPOINT WARNING * * *
Unknown command.
The orc attacks as you move away! The orc hits you but does no damage.
The orc hits you with a +0 flail.
You die...

.............#.#.#.#...###...#...
...........รท.#.#.#.#....#.###.#..
.......#..)..#.#.#.#.....#...###.
.......#....#...#...#....#....#.#
##'#####....#...#...##...#..>..#.
......'.....#...#...#.###.#....#.
#...#.###..#.#.#.#.#.#...###...#.
#._.#.# #..#.#.#.#.#.#....#.###.#
#...#.###..#.#.#@#.#.#.....#...##
......'.#.#...#o.o#...#....#....#
##'####...#...#.o.#...##...#.....
#......#.#...#...#...#.###.#....
########..#.#.#.#.#.#.....###...
#...#.#.#.#.#.#......#.###
#...#.#.#.#.#.#.....#.....
#....#...#...#......#.....
#.#..#...#...##.....#.....


You could see 3 orcs.

Vanquished Creatures
  2 scorpions (D:4)
  A sleepcap (D:4)
  Jessica (D:2)
  An orc wizard (D:4)
  A gnoll (D:1)
  5 adders
  6 dart slugs
  8 orcs
  13 ball pythons
  10 endoplasms
  6 goblins
  6 hobgoblins
  6 jackals
  5 quokkas
  5 bats
  3 frilled lizards
  9 kobolds
  7 rats
95 creatures vanquished.

Vanquished Creatures (others)
  2 orcs (D:3)
2 creatures vanquished.

Grand Total: 97 creatures vanquished

Notes
Turn   | Place    | Note
-------+----------+-------------------------------------------
     0 | D:1      | Newt the Demonspawn Gladiator began the quest for the Orb.
     0 | D:1      | Reached XP level 1. HP: 16/16 MP: 1/1
   161 | D:1      | Reached skill level 3 in Fighting
   161 | D:1      | Gained mutation: You have a pair of small horns on your
                  | head. [demonic ancestry]
   161 | D:1      | Reached XP level 2. HP: 10/24 MP: 2/2
   371 | D:1      | Found a faded altar of an unknown god.
   490 | D:1      | Gained mutation: You have a pair of horns on your head.
                  | [demonic ancestry]
   490 | D:1      | Reached XP level 3. HP: 16/29 MP: 3/3
  1008 | D:2      | Noticed Jessica
  1012 | D:2      | Killed Jessica
  1013 | D:2      | Reached skill level 4 in Fighting
  1064 | D:2      | Gained mutation: You have a pair of large horns on your
                  | head. [demonic ancestry]
  1064 | D:2      | Reached XP level 4. HP: 25/38 MP: 4/4
  2195 | D:2      | Reached skill level 5 in Fighting
  2559 | D:3      | Reached XP level 5. HP: 44/44 MP: 5/5
  3091 | D:4      | Reached skill level 1 in Armour
  3161 | D:4      | Gained mutation: You are partially covered in molten
                  | scales. (AC +2) [demonic ancestry]
  3161 | D:4      | Reached XP level 6. HP: 27/51 MP: 6/6
  3481 | D:4      | Found a sacrificial altar of Ru.
  3828 | D:5      | Entered Level 5 of the Dungeon
  3847 | D:4      | Slain by an orc

Illustrated notes

Levels and vault maps discovered:
D:1:      dpeg_chamrin_arrival_tetris, layout_basic,
          ebering_ecumenical_altar_petrified
D:2:      layout_loops_ring, serial_forest, infiniplex_forest_straight_4,
          infiniplex_forest_clump_curved, infiniplex_forest_clump_long,
          infiniplex_forest_clump_curved, infiniplex_forest_straight_3,
          infiniplex_forest_clump_diagonal, infiniplex_forest_lined_room_2,
          infiniplex_forest_side_room, basic_altar, uniq_jessica
D:3:      layout_rooms
D:4:      nicolae_BIG_FREAKIN_CUBE, layout_cave_pods,
          mainiacjoe_overflow_six_doors_small
D:5:      layout_rooms

Skill      XL: |  1  2  3  4  5 |
---------------+----------------+-----
Fighting       | 3 4 5 |  5.0
Short Blades   | 3 4 |  4.0
Armour         | 2 |  2.8
Throwing       | |  1.7
Dodging        | |  2.6

Action                     |  1- 3 |  4- 6 || total
---------------------------+-------+-------++-------
  Melee: Rapier            |    77 |    67 ||   144
         Headbutt          |     6 |    25 ||    31
         Punch             |     1 |     1 ||     2
         Falchion          |       |   109 ||   109
  Throw: Throwing net      |     1 |     2 ||     3
    Use: Scroll            |     3 |     6 ||     9
         Potion            |       |     2 ||     2
 Armour: Leather armour    |    17 |    30 ||    47
         Ring mail         |       |    13 ||    13
  Dodge: Dodged            |    58 |   162 ||   220

Table legend: (Time is in decaauts)
 A = Elapsed time spent in this place.
 B = Non-inter-level travel time spent in this place.
 C = Inter-level travel time spent in this place.
 D = Time resting spent in this place.
 E = Time spent auto-exploring this place.
 F = Levels seen in this place.
 G = Mean time per level.
                   A        B        C        D        E       F      G
               +--------+--------+--------+--------+--------+-----+--------+
         Total |   3877 |   3765 |    112 |    487 |   2645 |   5 |  775.4 |
       Dungeon |   3877 |   3765 |    112 |    487 |   2645 |   5 |  775.4 |
               +--------+--------+--------+--------+--------+-----+--------+

Top non-repeatable levels by time:
     D:2: 1396 daAuts
     D:4: 1041 daAuts
     D:1: 976 daAuts
     D:3: 458 daAuts
     D:5: 4 daAuts
